 Dungeon Crawl Stone Soup version 0.23-a0-402-g64599a1 (webtiles) character file.

23803 ozpin88 the Cleaver (level 12, -1/112 HPs)
             Began as a Minotaur Berserker on Nov 5, 2018.
             Was a High Priest of Trog.
             Slain by a jumping spider (14 damage)
             ... on level 1 of the Spider Nest.
             The game lasted 01:04:34 (14003 turns).

ozpin88 the Cleaver (Minotaur Berserker)           Turns: 14003, Time: 01:04:34

Health: -1/112     AC: -9    Str: 26    XL:     12   Next: 75%
Magic:  11/11      EV:  7    Int:  9    God:    Trog [*****.]
Gold:   948        SH: 18    Dex: 11    Spells: 11/11 levels left

rFire    + + .     SeeInvis +   S - +2 war axe (flame)
rCold    . . .     Gourm    .   j - +0 large shield
rNeg     + . .     Faith    .   O - +1 plate armour
rPois    +         Spirit   .   (helmet restricted)
rElec    .         Reflect  .   w - +0 cloak
rCorr    .         Harm     +   (no gloves)
MR       ++...                  (no boots)
Stlth    ..........             U - amulet of harm
HPRegen  1.28/turn              P - ring of Fuskatie {*Drain rPois rN+ Int+5 SInv}
MPRegen  0.12/turn              o - ring of Saeseuk {*Drain rF++ Stlth-}

@: corroded, very slightly contaminated, regenerating
A: retaliatory headbutt, horns 2
a: Berserk, Trog's Hand, Brothers in Arms, Renounce Religion


You were on level 1 of the Spider Nest.
You worshipped Trog.
Trog was extremely pleased with you.
You were not hungry.

You visited 5 branches of the dungeon, and saw 16 of its levels.

You collected 1208 gold pieces.
You spent 260 gold pieces at shops.

Inventory:

Hand Weapons
 p - a +3 battleaxe
 s - a +2 hand axe of pain
 x - a +1 vampiric hand axe
 G - a +0 giant club
 M - a +3 demon blade of venom
 S - a +2 war axe of flaming (weapon)
Missiles
 m - 3 throwing nets
 F - 20 tomahawks (quivered)
Armour
 j - a +0 large shield (worn)
 w - a +0 cloak (worn)
 N - +0 acid dragon scales
 O - a +1 plate armour (worn)
Jewellery
 n - an uncursed ring of protection from fire {unknown}
 o - the ring of Saeseuk (right hand) {*Drain rF++ Stlth-}
   (You found it on level 9 of the Dungeon)

   [ring of attention]

   It greatly protects you from fire.
   It causes draining when unequipped.
   It makes you less stealthy.
 A - an uncursed amulet of guardian spirit
 I - a +5 ring of strength
 J - a cursed ring of resist corrosion {unknown}
 P - the ring of Fuskatie (left hand) {*Drain rPois rN+ Int+5 SInv}
   (You found it on level 9 of the Dungeon)

   [ring of positive energy]

   It affects your intelligence (+5).
   It protects you from poison.
   It protects you from negative energy.
   It lets you see invisible.
   It causes draining when unequipped.
 U - an amulet of harm (around neck)
Wands
 a - a wand of polymorph (16)
 v - a wand of paralysis (34)
 L - a wand of iceblast (8)
 V - a wand of clouds (5)
Scrolls
 d - a scroll of blinking
 e - 9 scrolls of remove curse
 f - 3 scrolls of identify
 h - 3 scrolls of enchant weapon
 i - a scroll of teleportation
 r - 3 scrolls of amnesia
 t - 2 scrolls of noise
 y - 3 scrolls of magic mapping
 z - a scroll of enchant armour
 B - a scroll of fear
 D - a scroll of fog
 H - a scroll of torment {unknown}
 Q - 2 scrolls of vulnerability {unknown}
 R - a scroll of holy word {unknown}
Potions
 b - 8 potions of degeneration
 k - 5 potions of mutation
 l - 3 potions of brilliance
 q - 5 potions of flight
 u - 3 potions of magic
 C - a potion of berserk rage
 E - a potion of ambrosia
 K - 2 potions of lignification
Comestibles
 c - 17 rations


   Skills:
 + Level 12.2 Fighting
 + Level 6.3 Long Blades
 - Level 14.0 Axes
 + Level 12.4 Armour
 + Level 4.9 Dodging
 + Level 1.9 Stealth
 + Level 10.2 Shields


You had 11 spell levels left.
You didn't know any spells.
Your spell library was empty.

Dungeon Overview and Level Annotations

Branches:
Dungeon (11/15)            Temple (1/1) D:6            Lair (2/6) D:10
 Spider (1/4) Lair:2          Orc (1/2) D:10
  Swamp: Lair:2-4    Shoals: Lair:2-4

Altars:
Ashenzari
Cheibriados
Dithmenos
Elyvilon
Fedhas
Gozag
Hepliaklqana
Kikubaaqudgha
Makhleb
Nemelex Xobeh
Okawaru
Qazlal
Ru
Sif Muna
Trog
Uskayaw
Vehumet
Wu Jian
Xom
Yredelemnul
Zin
The Shining One

Shops:
D:4 *   D:5 [   D:7 [?*(   D:10 !

Annotations:
Lair:1 Sonja


Innate Abilities, Weirdness & Mutations

You reflexively headbutt those who attack you in melee.
You have a pair of horns on your head.


Message History

You hit the soldier ant but do no damage.
The soldier ant is almost dead.
You closely miss the jumping spider.
You block the jumping spider's attack. x2
The soldier ant stings you!
* * * LOW HITPOINT WARNING * * *
You hit the soldier ant but do no damage.
Your headbutt misses the soldier ant.
The soldier ant is almost dead.
You hit the jumping spider but do no damage.
The jumping spider leaps! x2; You block the soldier ant's attack.
You completely miss the soldier ant. Your headbutt misses the soldier ant.
The soldier ant is almost dead.
The entropy weaver mumbles some strange words.
The entropic weave corrodes you!
You hit the soldier ant but do no damage.
You headbutt the soldier ant, but do no damage.
The soldier ant is almost dead.
You completely miss the jumping spider. The soldier ant closely misses you.
The jumping spider pounces on you!
You die...

#.####...# #.#
#### #§# #§# #a#
#a# #a# ## #a# ##.
#@# #..
#s###############.
#.................
###############...
#### #.. #. #..
###


You could see a queen ant, an entropy weaver, 2 soldier ants and a jumping
spider.

Vanquished Creatures
  3 hydras
  A two-headed ogre (D:8)
  Nergalle (Lair:2)
  An unseen horror (D:10)
  2 orc knights
  An ugly thing (D:11)
  2 centaur zombies (D:11)
  3 spiny frogs
  A komodo dragon (Lair:2)
  2 trolls (D:9)
  Grinder (D:4)
  A hornet (D:11)
  7 blink frogs
  Prince Ribbit (Lair:1)
  7 hippogriffs
  Sigmund (D:2)
  A spriggan (D:7)
  2 wyverns
  19 yaks
  Grum (D:8)
  4 soldier ants (Spider:1)
  2 wargs (Orc:1)
  2 acid dragons (D:11)
  Duvessa (D:7)
  5 porcupines
  A water moccasin (Lair:2)
  2 black bears
  12 orc warriors
  3 sky beasts
  5 ice beasts
  3 phantoms
  4 ogres
  10 wolves
  6 centaurs
  4 crocodiles
  2 big kobolds
  8 bullfrogs
  2 elf skeletons (D:8)
  2 gnoll sergeants
  Dowan (D:7)
  4 killer bees (D:8)
  A scorpion (D:11)
  A wight (D:9)
  4 howler monkeys
  A bullfrog zombie (D:7)
  6 crimson imps
  A quasit (D:9)
  5 jellies
  14 orc priests
  7 hounds
  2 human zombies (D:8)
  Crazy Yiuf (D:4)
  2 centaur skeletons
  A bullfrog skeleton (D:9)
  4 iguanas
  15 orc wizards
  2 human skeletons (D:8)
  Ijyb (D:4)
  9 worker ants
  A killer bee zombie (D:8)
  A hound zombie (D:9)
  A hound skeleton (D:5)
  2 worker ant zombies
  Robin (D:2)
  14 adders
  7 gnolls
  A shadow imp (D:7)
  2 adder skeletons (D:9)
  6 worms
  2 dart slugs
  2 leopard geckos (D:11)
  62 orcs
  8 bats
  2 bat zombies (D:3)
  2 giant cockroaches
  12 goblins
  11 hobgoblins
  3 jackals (D:8)
  7 quokkas
  5 frilled lizards
  16 kobolds
  10 rats
  2 rat zombies (D:3)
  A plant (Lair:1)
399 creatures vanquished.

Vanquished Creatures (collateral kills)
  A hydra (Lair:1)
1 creature vanquished.

Vanquished Creatures (others)
  A gnoll (Orc:1)
  2 fungi (Lair:1)
  3 plants (Lair:2)
6 creatures vanquished.

Grand Total: 406 creatures vanquished

Notes
Turn   | Place    | Note
-------+----------+-------------------------------------------
     0 | D:1      | ozpin88 the Minotaur Berserker began the quest for the Orb.
     0 | D:1      | Reached XP level 1. HP: 19/19 MP: 0/0
    38 | D:1      | Reached XP level 2. HP: 27/27 MP: 1/1
   466 | D:1      | Reached skill level 4 in Axes
   645 | D:2      | Noticed Robin
   661 | D:2      | Killed Robin
   661 | D:2      | Reached XP level 3. HP: 32/33 MP: 2/2
   664 | D:2      | Reached ** piety under Trog
   771 | D:2      | Found a shadowy altar of Dithmenos.
  1173 | D:2      | Noticed Sigmund
  1186 | D:2      | Killed Sigmund
  1186 | D:2      | Reached skill level 5 in Fighting
  1186 | D:2      | Reached skill level 5 in Axes
  1186 | D:2      | Reached XP level 4. HP: 23/42 MP: 3/3
  1186 | D:2      | Reached XP level 5. HP: 27/48 MP: 4/4
  1448 | D:2      | Found an iron altar of Okawaru.
  1577 | D:3      | Reached XP level 6. HP: 46/56 MP: 5/5
  1583 | D:3      | Reached skill level 6 in Axes
  1911 | D:3      | Reached *** piety under Trog
  1942 | D:3      | Found a stormy altar of Qazlal.
  2081 | D:3      | Found an ancient bone altar of Kikubaaqudgha.
  2170 | D:4      | Noticed Grinder
  2205 | D:4      | Killed Grinder
  2205 | D:4      | Reached skill level 7 in Axes
  2205 | D:4      | Reached skill level 5 in Armour
  2205 | D:4      | Reached XP level 7. HP: 48/61 MP: 6/6
  2460 | D:4      | Noticed Ijyb
  2469 | D:4      | Killed Ijyb
  2607 | D:4      | Reached skill level 8 in Axes
  2611 | D:4      | Reached skill level 1 in Shields
  2611 | D:4      | Reached XP level 8. HP: 54/70 MP: 7/7
  2761 | D:4      | Found a bloodstained altar of Trog.
  2825 | D:4      | Found Godiukod's Assorted Antiques.
  2847 | D:4      | Bought a glass ring for 130 gold pieces
  2847 | D:4      | Bought a dented ruby amulet for 130 gold pieces
  2936 | D:4      | Found a runed door.
  3037 | D:4      | Found a burning altar of Makhleb.
  3118 | D:4      | Noticed Crazy Yiuf
  3123 | D:4      | Killed Crazy Yiuf
  3267 | D:5      | Entered Level 5 of the Dungeon
  3580 | D:5      | Found Mudix's Armour Shoppe.
  3648 | D:5      | Found a shattered altar of Ashenzari.
  3719 | D:5      | Reached skill level 9 in Axes
  4198 | D:6      | Found a staircase to the Ecumenical Temple.
  4222 | D:6      | Reached **** piety under Trog
  4415 | D:6      | Found an opulent altar of Gozag.
  4415 | D:6      | Found a snail-covered altar of Cheibriados.
  4637 | D:6      | Found a glowing golden altar of the Shining One.
  4845 | D:7      | Reached skill level 10 in Axes
  5177 | D:7      | Reached XP level 9. HP: 78/78 MP: 8/8
  5364 | D:7      | Found Agi Dae's Weapon Boutique.
  5364 | D:7      | Noticed Duvessa
  5364 | D:7      | Noticed Dowan
  5376 | D:7      | Killed Duvessa
  5377 | D:7      | Killed Dowan
  5405 | D:7      | Found Nefulegh's General Store.
  5588 | D:7      | Found Fosyv's Magic Scroll Shop.
  5996 | D:7      | Reached skill level 11 in Axes
  5996 | D:7      | Reached skill level 5 in Shields
  6038 | D:7      | Found Jeerim's Antique Armour Shoppe.
  6163 | D:8      | Noticed Grum
  6174 | D:8      | Killed Grum
  6626 | D:8      | Reached ***** piety under Trog
  6961 | D:8      | Reached XP level 10. HP: 79/86 MP: 7/9
  7123 | D:8      | Noticed a two-headed ogre
  7129 | D:8      | Killed a two-headed ogre
  7129 | D:8      | Reached skill level 12 in Axes
  7136 | D:8      | Received a gift from Trog
  7529 | D:8      | Found a white marble altar of Elyvilon.
  7529 | D:8      | Found a glowing golden altar of the Shining One.
  7529 | D:8      | Found a glowing silver altar of Zin.
  7608 | D:9      | Reached skill level 1 in Stealth
  7805 | D:9      | Reached skill level 1 in Long Blades
  7813 | D:9      | Noticed an eight-headed hydra
  7817 | D:9      | Killed a ten-headed hydra
  7847 | D:9      | Got a flickering granite ring
  7847 | D:9      | Got a clouded golden ring
  7849 | D:9      | Identified the ring of Saeseuk {*Drain rF++ Stlth-} (You
                  | found it on level 9 of the Dungeon)
  7851 | D:9      | Identified the ring of Fuskatie {*Drain rPois rN+ Int+5
                  | SInv} (You found it on level 9 of the Dungeon)
  7895 | D:9      | Noticed an orc knight
  7903 | D:9      | Reached skill level 5 in Long Blades
  7914 | D:9      | Killed an orc knight
  7971 | D:9      | Reached XP level 11. HP: 94/94 MP: 10/10
  8408 | D:9      | Found an ornate altar of the Wu Jian Council.
  8563 | D:10     | Entered Level 10 of the Dungeon
  8616 | D:10     | Reached skill level 13 in Axes
  8802 | D:10     | Found Wiomp's Distillery.
  8852 | D:10     | Received a gift from Trog
  8986 | D:10     | Found a staircase to the Lair.
  8999 | D:10     | Found a staircase to the Orcish Mines.
  9075 | D:10     | Noticed an unseen horror
  9084 | D:10     | Killed an unseen horror
  9651 | D:11     | Noticed a purple ugly thing
  9658 | D:11     | Killed a purple ugly thing
  9748 | D:11     | Found a glowing golden altar of the Shining One.
  9765 | D:11     | Reached skill level 14 in Axes
 10242 | Orc:1    | Entered Level 1 of the Orcish Mines
 10253 | Orc:1    | Noticed an orc knight
 10265 | Orc:1    | Killed an orc knight
 10265 | Orc:1    | Reached skill level 10 in Armour
 10267 | Orc:1    | Reached skill level 10 in Fighting
 10769 | Temple   | Entered the Ecumenical Temple
 11015 | Lair:1   | Entered Level 1 of the Lair of Beasts
 11078 | Lair:1   | Noticed a seven-headed hydra
 11083 | Lair:1   | Killed a seven-headed hydra
 11135 | Lair:1   | Noticed a six-headed hydra
 11137 | Lair:1   | Noticed Sonja
 11143 | Lair:1   | Killed a ten-headed hydra
 11143 | Lair:1   | Reached XP level 12. HP: 88/108 MP: 5/11
 12031 | Lair:1   | Noticed Prince Ribbit
 12044 | Lair:1   | Killed Prince Ribbit
 12427 | Lair:1   | Received a gift from Trog
 12898 | Lair:2   | Noticed Nergalle
 12921 | Lair:2   | Killed Nergalle
 12995 | Lair:2   | Noticed an eight-headed hydra
 13008 | Lair:2   | Killed a two-headed hydra
 13460 | Lair:2   | Reached skill level 10 in Shields
 13561 | Lair:2   | Found a hole to the Spider Nest.
 13592 | Spider:1 | Entered Level 1 of the Spider Nest
 13931 | Spider:1 | Noticed a queen ant
 13931 | Spider:1 | Noticed an entropy weaver
 13935 | Spider:1 | Noticed an entropy weaver
 14003 | Spider:1 | Slain by a jumping spider

Vault maps used:
D:1:      tarquinn_simple_flora_water_f, minmay_pentomino_t4
D:2:      kennysheep_okawaru_gauntlet, overflow_temple_1_default, uniq_robin,
          uniq_sigmund
D:3:      nicolae_qazlal_general_emergency, lemuel_zombie_altar_kikubaaqudgha
D:4:      kennysheep_mini, bloody_trog, serial_shops, shop_coins, uniq_grinder,
          uniq_crazy_yiuf_cottage, uniq_ijyb
D:5:      nicolae_overflow_crystal_walls, serial_shops, shop, first_ration
D:6:      gammafunk_temple_overflow_elements,
          minmay_temple_entry_statues_fountains, nicolae_tso_swordbearing_angel
D:7:      serial_shops, kennysheep_little_box, nicolae_shop_overgrown_old_shop,
          kennysheep_mini_moat, shop, the_bakery, uniq_duvessa
D:8:      good_gods_mini_temple, nicolae_ossuary_entry_catacombs, uniq_grum
D:9:      minmay_the_grid_net, marbit_many_paths
D:10:     lair_entry_dummy, orc_0_dummy, serial_shops, shop
D:11:     basic_altar, minmay_joined_circles
Temple:   jpeg_temple_island
Lair:1:   serial_bayou_pond_e, uniq_prince_ribbit2, uniq_sonja
Lair:2:   dummy_spider_entry, infiniplex_staircase_pool, lemuel_fruit_fields,
          uniq_nergalle
Spider:1: zaba_anthell, uniq_louise, uniq_azrael, uniq_agnes

Skill      XL: |  1  2  3  4  5  6  7  8  9 10 11 12 |
---------------+-------------------------------------+-----
Fighting       | 4 5 6 7 8 10 12 | 12.2
Axes           | 4 5 7 8 10 11 12 14 | 14.0
Armour         | 3 4 5 6 7 8 9 10 12 | 12.4
Dodging        | 3 4 |  4.9
Shields        | 1 4 6 8 9 10 | 10.2
Stealth        | 1 |  1.9
Long Blades    | 5 6 |  6.3

Action                   |  1- 3 |  4- 6 |  7- 9 | 10-12 || total
-------------------------+-------+-------+-------+-------++-------
Melee: Hand axe          |    67 |   105 |    48 |    85 ||   305
       Headbutt          |     6 |    14 |    83 |   152 ||   255
       War axe           |       |       |   289 |   187 ||   476
       Demon blade       |       |       |       |    44 ||    44
       Battleaxe         |       |       |       |   248 ||   248
Invok: Berserk           |     3 |     4 |     6 |    13 ||    26
       Trog's Hand       |       |       |     3 |     7 ||    10
       Brothers in Arms  |       |       |       |     1 ||     1
  Use: Scroll            |     2 |       |     2 |    23 ||    27
       Potion            |       |       |       |     8 ||     8
  Eat: Chunk             |     2 |     8 |    19 |    15 ||    44
       Ration            |       |       |     1 |     7 ||     8
Armor: Animal skin       |     6 |       |       |       ||     6
       Scale mail        |    18 |       |       |       ||    18
       Chain mail        |       |    61 |   104 |    20 ||   185
       Plate armour      |       |       |       |   248 ||   248
Dodge: Dodged            |    46 |    57 |    59 |   187 ||   349
Block: Large shield      |       |     3 |   210 |   266 ||   479
       Rpst.: Demon blade |       |       |       |     4 ||     4

Table legend:
 A = Non-vault XP
 B = Vault XP
 C = Vault XP percentage of total XP
 D = Non-vault monster count
 E = Vault monster count
 F = Vault count percentage of total count
                 A         B        C        D         E       F
            +---------+---------+-------+---------+---------+-------
      Total |   23115 |   10890 |  32.0 |     312 |      88 |  22.0
            +---------+---------+-------+---------+---------+-------
        D:1 |      11 |       8 |  42.1 |       6 |       4 |  40.0
        D:2 |      41 |     268 |  86.7 |      20 |      13 |  39.4
        D:3 |     194 |       6 |   3.0 |      32 |       4 |  11.1
        D:4 |     627 |     364 |  36.7 |      19 |       3 |  13.6
        D:5 |     344 |       0 |   0.0 |       9 |       0 |   0.0
        D:6 |     612 |       0 |   0.0 |      19 |       0 |   0.0
        D:7 |     909 |     443 |  32.8 |      30 |       3 |   9.1
        D:8 |    2399 |     969 |  28.8 |      41 |      11 |  21.2
        D:9 |    1867 |    4673 |  71.5 |      23 |      29 |  55.8
       D:10 |    1064 |       0 |   0.0 |      14 |       0 |   0.0
       D:11 |    2144 |    1851 |  46.3 |      24 |      12 |  33.3
     Lair:1 |    4997 |     806 |  13.9 |      23 |       3 |  11.5
     Lair:2 |    6009 |     820 |  12.0 |      24 |       1 |   4.0
   Spider:1 |       0 |     682 | 100.0 |       0 |       5 | 100.0
      Orc:1 |    1897 |       0 |   0.0 |      28 |       0 |   0.0
            +---------+---------+-------+---------+---------+-------
